Map: Paladino Terminal LE

Players

Dolan - Winner!

  • Race: Terran Terran
  • Spawn Location: 9:00

Mokomi

  • Race: Protoss Protoss
  • Spawn Location: 5:00

Event: WCS Austin 2017

VOD

Have the link to the VOD?

Description

Time

  • Played on: April 28, 2017, 5:22 p.m.
  • Length: 5:18

All games in this series

Show
View Real Time Build Order
Export as new Build Order

Dolan Terran - Winner!

Build Orders: 1/1/1, Liberator Opening 

Get SALT Encoding   

  12  0:00  SCV  
  13  0:12  SCV  
  14  0:17  Supply Depot  
  14  0:26  SCV  
  15  0:30  Refinery  
  15  0:39  SCV  
  16  0:46  Barracks  
  16  0:51  SCV  
  17  1:03  SCV  
  18  1:15  SCV  
  19  1:33  Factory  
  19  1:34  Marine, Orbital Command  
  19  1:39  Refinery  
  20  1:47  Supply Depot  
  20  1:55  Barracks Reactor  
  20  2:02  SCV  
  21  2:17  Widow Mine  
  21  2:20  Starport  
  21  2:22  SCV  
  24  2:32  Marine x2  
  24  2:34  SCV  
  24  2:36  Supply Depot  
  27  2:45  Engineering Bay  
  27  2:49  Widow Mine  
  29  2:57  Marine x2  
  31  3:05  Medivac  
  33  3:09  Supply Depot  
  33  3:16  Missile Turret  
  33  3:22  Factory Tech Lab  
  33  3:25  Marine  
  33  3:26  Marine  
  35  3:29  SCV  
  35  3:30  Liberator  
  39  3:41  Siege Tank  
  42  4:01  Marine x2  
  44  4:13  Siege Tank  
  45  4:19  Marine x2  
  45  4:22  Supply Depot  
  45  4:23  SCV  
  48  4:35  SCV  
  48  4:36  Marine x2  
  54  4:58  Marine  
  54  4:59  Marine  
  53  5:13  Supply Depot  
Show
View Real Time Build Order
Export as new Build Order

Mokomi Protoss 

Build Orders: 1 Gate Expand 

Get SALT Encoding   

  12  0:01  Probe (Chrono Boost)  
  13  0:11  Probe (Chrono Boost)  
  14  0:18  Pylon  
  14  0:22  Probe (Chrono Boost)  
  15  0:36  Probe (Chrono Boost)  
  15  0:38  Gateway  
  16  0:44  Assimilator  
  16  0:47  Probe (Chrono Boost)  
  17  0:57  Probe (Chrono Boost)  
  18  1:08  Probe (Chrono Boost)  
  19  1:25  Nexus  
  19  1:30  Probe (Chrono Boost)  
  20  1:41  Cybernetics Core  
  20  1:46  Assimilator  
  20  1:50  Probe (Chrono Boost)  
  21  1:57  Pylon  
  21  2:01  Probe (Chrono Boost)  
  22  2:13  Probe (Chrono Boost)  
  22  2:14  Adept  
  23  2:18  Warp Gate  
  25  2:25  Probe (Chrono Boost)  
  26  2:32  Robotics Facility  
  26  2:43  Mothership Core (Chrono Boost)  
  28  2:45  Probe (Chrono Boost)  
  29  2:53  Adept  
  29  2:56  Probe (Chrono Boost)  
  32  3:01  Probe (Chrono Boost)  
  33  3:06  Probe (Chrono Boost)  
  33  3:11  Probe (Chrono Boost)  
  35  3:17  Probe (Chrono Boost)  
  35  3:19  Observer  
  37  3:22  Probe (Chrono Boost)  
  37  3:25  Gateway  
  37  3:26  Gateway  
  38  3:33  Probe (Chrono Boost)  
  39  3:36  Pylon  
  39  3:41  Probe (Chrono Boost)  
  42  3:43  Observer  
  42  3:47  Probe (Chrono Boost)  
  42  3:49  Pylon  
  42  3:52  Probe (Chrono Boost)  
  42  3:53  Pylon  
  39  4:06  Probe x2 (Chrono Boost)  
  39  4:07  Observer  
  37  4:16  Probe (Chrono Boost)  
  38  4:19  Probe (Chrono Boost)  
  38  4:24  Robotics Bay  
  39  4:27  Probe (Chrono Boost)  
  39  4:30  Probe (Chrono Boost)  
  41  4:35  Assimilator  
  41  4:37  Probe (Chrono Boost)  
  43  4:39  Assimilator  
  42  4:48  Adept x2  
  42  4:49  Adept  
Tags
 
Add a new tag
Caveats
  • Supply blocks, unpowered buildings, or Contaminate may cause inaccurate times.
  • Supply counts are checked every 10 seconds.